Map: Orbital Shipyard

Players

serpent

  • Race: Zerg Zerg

TTS - Winner!

  • Race: Zerg Zerg
  • League: Diamond

VOD

Have the link to the VOD?

Description

Time

  • Played on: Feb. 24, 2016, 2:41 a.m.
  • Length: 3:34
Show
View Real Time Build Order
Export as new Build Order

serpent Zerg 

Build Orders: Hatch First 

Get SALT Encoding   

  12  0:00  Drone  
  13  0:12  Overlord  
  13  0:17  Drone  
  14  0:31  Drone x2  
  14  0:34  Drone  
  17  0:54  Hatchery, Drone  
  17  0:58  Drone  
  17  1:02  Extractor  
  17  1:13  Spawning Pool  
  17  1:15  Drone  
  17  1:18  Drone  
  18  1:28  Drone  
  19  1:38  Overlord  
  19  1:53  Drone  
  20  1:59  Queen  
  20  2:00  Drone  
  23  2:05  Queen  
  23  2:07  Metabolic Boost  
  25  2:08  Drone  
  25  2:13  Drone  
  27  2:15  Evolution Chamber  
  27  2:16  Drone  
  27  2:21  Drone  
  28  2:28  Drone  
  29  2:34  Drone  
  29  2:35  Queen  
  32  2:42  Spine Crawler  
  31  2:47  Spine Crawler  
  30  2:52  Queen  
  33  3:11  Spine Crawler  
  31  3:14  Spine Crawler  
Show
View Real Time Build Order
Export as new Build Order

TTS Zerg - Winner!

Build Orders: Pool Only 

Get SALT Encoding   

  12  0:02  Drone  
  13  0:08  Drone  
  14  0:22  Extractor  
  13  0:29  Spawning Pool  
  13  0:31  Drone  
  13  0:40  Drone  
  14  0:51  Overlord  
  14  1:15  Queen  
  14  1:16  Zergling x4  
  14  1:17  Zergling x2  
  19  1:23  Metabolic Boost  
  19  1:29  Zergling x2  
  20  1:46  Baneling Nest  
  20  1:47  Zergling x2  
  20  1:53  Zergling x2  
  21  1:59  Overlord  
  21  2:13  Zergling x2  
  22  2:24  Zergling x6  
  22  2:25  Zergling x2  
  26  2:35  Zergling x2  
  27  2:51  Zergling x2  
  27  2:54  Baneling x5  
  27  2:55  Baneling x2  
  28  3:00  Zergling x4  
  29  3:13  Zergling x4  
Tags
 
Add a new tag
Caveats
  • Supply blocks, unpowered buildings, or Contaminate may cause inaccurate times.
  • Supply counts are checked every 10 seconds.